 Dungeon Crawl Stone Soup version 0.19-a0-1937-g70ed36a (webtiles) character file.

8555 mrath the Geomancer (level 11, 0/64 HPs)
             Began as a Gargoyle Earth Elementalist on Oct 26, 2016.
             Was a Priest of Vehumet.
             Slain by Harold
             ... wielding a +3 glaive of flaming
              (1 damage)
             ... on level 3 of the Lair of Beasts.
             The game lasted 01:29:44 (15131 turns).

mrath the Geomancer (Gargoyle Earth Elementalist)  Turns: 15131, Time: 01:29:45

Health: 0/64       AC: 14    Str: 18    XL:     11   Next: 32%
Magic:  23/23      EV:  7    Int: 22    God:    Vehumet [***...]
Gold:   647        SH:  0    Dex: 10    Spells: 7 memorised, 11 levels left

rFire  . . .     SeeInvis .     c - +2 whip (venom)
rCold  . . .     Gourm    .     M - +1 robe {rN+}
rNeg   + + .     Faith    .     (no shield)
rPois  ∞         Spirit   .     (no helmet)
rElec  +         Reflect  .     b - +1 cloak {rPois}
rCorr  .         Harm     .     G - +0 pair of gloves of Komnapp {MR+ Int+3}
MR     +....                    (no boots)
Stlth  +++.......               w - amulet of magic regeneration
                                O - ring of stealth
                                R - +6 ring of strength

@: about to teleport, held
A: negative energy resistance 1, electricity resistance, unbreathing,
petrification resistance, rot immunity, AC +7
a: Renounce Religion


You were on level 3 of the Lair of Beasts.
You worshipped Vehumet.
Vehumet was most pleased with you.
You were not hungry.

You visited 3 branches of the dungeon, and saw 12 of its levels.

You collected 647 gold pieces.

Inventory:

Hand Weapons
 c - a +2 whip of venom (weapon)
 y - a +2 war axe of flaming
 A - a +0 blowgun
Missiles
 e - 17 stones
 j - 45 poisoned needles
 k - 7 poisoned tomahawks (quivered)
 F - 17 tomahawks
 T - a throwing net
Armour
 b - a +1 cloak of poison resistance (worn)
 G - the +0 pair of gloves of Komnapp (worn) {MR+ Int+3}
   (You found it on level 4 of the Dungeon)

   It affects your intelligence (+3).
   It affects your resistance to hostile enchantments.
 M - a +1 robe of positive energy (worn)
 S - a +0 shield
Jewellery
 n - an uncursed ring of resist corrosion
 w - an amulet of magic regeneration (around neck)
 C - an uncursed ring of ice
 O - a ring of stealth (right hand)
 R - a +6 ring of strength (left hand)
Wands
 d - a wand of iceblast (13/15)
 f - a wand of polymorph (14/24)
 h - a wand of digging (19/24)
 q - a wand of slowing (35/48)
Scrolls
 g - a scroll of magic mapping {unknown}
 l - 3 scrolls of identify
 p - 4 scrolls of teleportation
 r - a scroll of enchant weapon {unknown}
 s - a scroll of recharging
 v - 2 scrolls of fog
 B - a scroll of remove curse
 I - 2 scrolls of blinking
Potions
 a - a potion of degeneration {unknown}
 i - 4 potions of ambrosia
 t - a potion of might {unknown}
 x - 3 potions of curing {unknown}
 z - 5 potions of heal wounds
Comestibles
 o - 14 fruits
 U - 7 beef jerkies


   Skills:
 + Level 5.9 Fighting
 + Level 5.8 Armour
 + Level 4.8 Dodging
 - Level 2.1 Stealth
 + Level 4.9 Shields
 * Level 8.6 Spellcasting
 + Level 6.2 Conjurations
   Level 0.7 Transmutations
 + Level 8.7 Earth Magic
 + Level 4.6 Evocations


You had 11 spell levels left.
You knew the following spells:

 Your Spells              Type           Power        Failure   Level  Hunger
a - Sandblast             Erth           #####.       1%          1    None
b - Stone Arrow           Conj/Erth      #####.       1%          3    None
c - Lee's Rapid Deconstr  Erth           #####.....   2%          5    #####..
d - Sting                 Conj/Pois      ###.         1%          1    None
e - Apportation           Tloc           #.........   10%         1    None
f - Repel Missiles        Chrm/Air       #.....       12%         2    None
g - Mephitic Cloud        Conj/Pois/Air  ###.....     3%          3    None


Dungeon Overview and Level Annotations

Branches:
Dungeon (8/15)             Temple (1/1) D:5            Lair (3/6) D:8
  Swamp: Lair:2-4    Shoals: Lair:2-4     Snake: Lair:2-4    Spider: Lair:2-4

Altars:
Ashenzari
Cheibriados
Dithmenos
Elyvilon
Fedhas
Gozag
Hepliaklqana
Kikubaaqudgha
Makhleb
Nemelex Xobeh
Okawaru
Qazlal
Ru
Sif Muna
Trog
Uskayaw
Vehumet
Xom
Yredelemnul
The Shining One

Annotations:
D:5 Soeti's ghost, novice DgFi
Lair:2 Urug
Lair:3 Harold


Innate Abilities, Weirdness & Mutations

You are resistant to torment.
Your stone body is resilient. (AC +7)
You are immune to poison.
You resist negative energy. (rN+)
You are resistant to electric shocks. (rElec)
You can survive without breathing.
You are immune to petrification.
You are immune to rotting.


Message History

The throwing net hits you.
You become entangled in the net!
You struggle against the net.
You struggle against the net.
You tear a large gash into the net.
Harold gestures at you while chanting. The bolt of fire hits you!
Ouch! That really hurt!
* * * LOW HITPOINT WARNING * * *
You rip the net and break free!
Harold says, "This is so exciting!
What a great way to end my career!"
Harold throws a throwing net.
The throwing net hits you.
You become entangled in the net!
You struggle against the net.
As you read the scroll of teleportation, it crumbles to dust.
You feel strangely unstable. Harold closely misses you.
You struggle against the net.
Harold hits you from afar with a glaive of flaming.
* * * LOW HITPOINT WARNING * * *
Harold burns you.
You die...

....... ...... .......
....# ....... #...#
....... #...# ...###
#.r.## ......### #..@.#
##.....##. ##...P#
#P.....##. #...@#
#........ ##...##
#.....#.# ##....####
#.....###
#.#......#.####........
.......................
#######P.#.P#P#####.##.
######### ##### #


You could see Harold and a porcupine.

Vanquished Creatures
  2 black mambas
  4 spiny frogs
  A rime drake (Lair:1)
  3 komodo dragons
  Prince Ribbit (D:7)
  3 hippogriffs
  Grum (Lair:1)
  A basilisk (Lair:2)
  Menkaure (D:7)
  A water moccasin (Lair:2)
  A porcupine (Lair:2)
  4 orc warriors
  An ice beast (D:8)
  4 sky beasts
  2 black bears
  9 wolves
  5 ogres
  2 centaurs (D:8)
  2 crocodiles (Lair:1)
  6 bullfrogs
  4 scorpions
  3 killer bees (D:7)
  2 howler monkeys
  3 crimson imps
  A centaur zombie (D:7)
  8 orc wizards
  3 hounds
  A gnoll shaman (D:6)
  5 orc priests
  7 worker ants
  2 hound zombies
  A hound skeleton (D:4)
  A worker ant zombie (D:8)
  7 gnolls
  10 adders
  A shadow imp (D:8)
  An adder zombie (D:8)
  4 worms
  A dart slug (D:1)
  2 leopard geckos
  30 orcs
  3 ball pythons
  5 giant cockroaches
  9 goblins
  8 hobgoblins
  12 jackals
  3 quokkas
  11 bats
  5 frilled lizards
  10 kobolds
  A quokka skeleton (D:8)
  7 rats
225 creatures vanquished.

Vanquished Creatures (others)
  A fungus (Lair:2)
  A plant (Lair:2)
2 creatures vanquished.

Grand Total: 227 creatures vanquished

Notes
Turn   | Place    | Note
-------+----------+-------------------------------------------
     0 | D:1      | mrath the Gargoyle Earth Elementalist began the quest for the Orb.
     0 | D:1      | Reached XP level 1. HP: 10/10 MP: 3/3
   308 | D:1      | Reached XP level 2. HP: 10/15 MP: 0/5
  1017 | D:1      | Reached XP level 3. HP: 19/19 MP: 0/7
  1087 | D:1      | Learned a level 3 spell: Stone Arrow
  2363 | D:2      | Found a blossoming altar of Fedhas.
  2364 | D:2      | Reached XP level 4. HP: 24/24 MP: 8/8
  3220 | D:3      | Reached skill level 1 in Conjurations
  3316 | D:3      | Found a glowing golden altar of the Shining One.
  3378 | D:3      | Reached skill level 5 in Earth Magic
  3378 | D:3      | Reached XP level 5. HP: 28/28 MP: 6/10
  4125 | D:4      | Reached XP level 6. HP: 29/32 MP: 12/12
  4270 | D:4      | Noticed a phantom
  4312 | D:4      | Got a pair of heavily runed gloves
  5148 | D:4      | Identified the +0 pair of gloves of Komnapp {MR+ Int+3} (You found it on level 4 of the Dungeon)
  5150 | D:5      | Entered Level 5 of the Dungeon
  5157 | D:5      | Noticed Soeti's ghost (novice DgFi)
  5475 | D:5      | Reached XP level 7. HP: 37/37 MP: 4/14
  5478 | D:5      | Reached skill level 5 in Spellcasting
  5645 | D:5      | Reached skill level 1 in Armour
  5853 | D:5      | Reached skill level 1 in Fighting
  5954 | D:5      | Found a staircase to the Ecumenical Temple.
  6057 | Temple   | Entered the Ecumenical Temple
  6125 | Temple   | Became a worshipper of Vehumet
  6548 | D:5      | Reached skill level 1 in Shields
  7167 | D:6      | Reached XP level 8. HP: 44/44 MP: 8/16
  7240 | D:6      | Learned a level 5 spell: Lee's Rapid Deconstruction
  7864 | D:6      | Reached skill level 1 in Evocations
  7985 | D:6      | Reached * piety under Vehumet
  7985 | D:6      | Offered knowledge of Sting by Vehumet.
  8770 | D:7      | Learned a level 1 spell: Sting
  9209 | D:7      | Reached XP level 9. HP: 50/50 MP: 11/18
  9442 | D:7      | Learned a level 1 spell: Apportation
  9481 | D:7      | Noticed Menkaure
  9564 | D:7      | Noticed Prince Ribbit
  9581 | D:7      | Killed Prince Ribbit
  9870 | D:7      | Reached ** piety under Vehumet
  9960 | D:7      | Offered knowledge of Shock by Vehumet.
 10200 | D:7      | Killed Menkaure
 11037 | D:8      | Reached XP level 10. HP: 58/58 MP: 6/20
 11120 | D:8      | Reached skill level 5 in Conjurations
 11484 | D:8      | Learned a level 2 spell: Repel Missiles
 11508 | D:8      | Found a staircase to the Lair.
 11747 | Lair:1   | Entered Level 1 of the Lair of Beasts
 11759 | Lair:1   | Noticed Grum
 11982 | Lair:1   | Killed Grum
 12126 | Lair:1   | Noticed a spiny frog
 12130 | Lair:1   | Killed a spiny frog
 12165 | Lair:1   | Offered knowledge of Mephitic Cloud by Vehumet.
 12170 | Lair:1   | Learned a level 3 spell: Mephitic Cloud
 12224 | Lair:1   | Reached skill level 5 in Fighting
 12408 | Lair:1   | Reached skill level 5 in Armour
 12892 | Lair:1   | Noticed a spiny frog
 12901 | Lair:1   | Killed a spiny frog
 13076 | Lair:1   | Noticed a spiny frog
 13080 | Lair:1   | Killed a spiny frog
 13337 | Lair:2   | Reached *** piety under Vehumet
 13680 | Lair:2   | Noticed a spiny frog
 13697 | Lair:2   | Killed a spiny frog
 13697 | Lair:2   | Reached XP level 11. HP: 47/64 MP: 18/23
 14094 | Lair:2   | Noticed Urug
 15118 | Lair:3   | Noticed Harold
 15127 | Lair:3   | HP: 2/64 [Harold/bolt of fire (38)]
 15131 | Lair:3   | Slain by Harold

Vault maps used:
D:1:      scummos_arrival_gate
D:2:      fedhas_altar_fruit_tree
D:3:      lemuel_crystal_altar, first_bread
D:4:      bh_walls_and_bars
D:7:      grunt_ogre_cave, uniq_prince_ribbit1, uniq_menkaure
D:8:      lair_0_dummy
Temple:   hc_temple_tempest_star
Lair:1:   serial_bayou_lagoon_a, grunt_megastairs_3, uniq_grum
Lair:2:   uniq_urug
Lair:3:   infiniplex_staircase_pool, uniq_harold

Skill      XL: |  1  2  3  4  5  6  7  8  9 10 11 |
---------------+----------------------------------+-----
Earth Magic    | 4 5 6 7 8 |  8.7
Spellcasting   | 3 4 5 6 7 8 |  8.6
Conjurations   | 1 2 3 4 5 6 |  6.2
Armour         | 2 3 4 5 |  5.8
Fighting       | 2 3 4 5 |  5.9
Shields        | 1 2 3 4 |  4.9
Dodging        | 2 3 4 |  4.8
Evocations     | 1 2 4 |  4.6
Stealth        | |  2.1
Transmutations | |  0.7

Action                   |  1- 3 |  4- 6 |  7- 9 | 10-12 || total
-------------------------+-------+-------+-------+-------++-------
Melee: Dagger            |    75 |    75 |    64 |       ||   214
       Hand axe          |       |     2 |       |       ||     2
       Whip              |       |       |   107 |    73 ||   180
 Fire: Blowgun           |       |     3 |       |     4 ||     7
Throw: Tomahawk          |       |       |       |     3 ||     3
 Cast: Sandblast         |    39 |    45 |    38 |     1 ||   123
       Stone Arrow       |       |    18 |   112 |   101 ||   231
       Sting             |       |       |    10 |       ||    10
  Use: Scroll            |       |       |     5 |     7 ||    12
 Stab: Sleeping          |     6 |     1 |       |       ||     7
       Distracted        |       |       |     1 |       ||     1
  Eat: Chunk             |     5 |     9 |    15 |    12 ||    41
       Pizza             |       |     1 |       |       ||     1
       Bread ration      |       |       |     1 |       ||     1
       Fruit             |       |       |     1 |       ||     1
Armor: Robe              |    34 |    36 |    91 |    41 ||   202
Dodge: Dodged            |    49 |    44 |   145 |   100 ||   338
